Map: Winter's Gate LE

Players

Rob

  • Race: Protoss Protoss
  • Spawn Location: 11:00

Clem - Winner!

  • Race: Terran Terran
  • Spawn Location: 5:00

VOD

Have the link to the VOD?

Description

Time

  • Played on: Sept. 6, 2019, 3:49 p.m.
  • Length: 14:11
Show
View Real Time Build Order
Export as new Build Order

Rob Protoss 

Build Orders: 1 Gate Expand, Blink Stalkers 

Get SALT Encoding   

  12  0:04  Probe  
  13  0:16  Probe  
  14  0:21  Pylon  
  14  0:28  Probe  
  15  0:36  Probe  
  15  0:40  Gateway  
  16  0:44  Probe  
  16  0:47  Assimilator  
  17  0:54  Probe  
  18  1:07  Probe  
  19  1:19  Probe  
  20  1:30  Nexus  
  20  1:32  Probe  
  20  1:35  Cybernetics Core  
  21  1:40  Probe  
  21  1:41  Assimilator  
  22  1:58  Pylon, Probe  
  23  2:06  Adept  
  23  2:14  Probe  
  23  2:17  Warp Gate  
  25  2:26  Probe  
  26  2:36  Stalker  
  28  2:39  Twilight Council, Probe  
  28  2:42  Probe  
  30  2:51  Blink, Probe  
  31  2:54  Probe  
  32  2:59  Gateway  
  32  3:03  Probe  
  33  3:05  Gateway  
  33  3:06  Probe  
  33  3:09  Stalker  
  36  3:18  Probe x2  
  38  3:30  Probe  
  38  3:31  Probe  
  40  3:35  Robotics Facility  
  40  3:37  Pylon  
  40  3:44  Probe  
  40  3:45  Stalker  
  40  3:48  Probe  
  44  3:56  Probe  
  44  4:00  Probe  
  46  4:08  Probe  
  45  4:12  Probe  
  45  4:16  Nexus  
  46  4:17  Forge, Stalker  
  46  4:19  Observer  
  46  4:24  Pylon  
  48  4:25  Probe x2  
  51  4:32  Assimilator, Stalker  
  51  4:37  Probe  
  54  4:39  Pylon  
  54  4:42  Probe  
  55  4:51  Probe  
  56  4:54  Probe  
  56  4:56  Charge  
  56  4:57  Stalker  
  58  5:03  Probe, Stalker x2  
  58  5:06  Probe  
  64  5:15  Probe  
  64  5:18  Probe  
  64  5:20  Gateway  
  66  5:21  Gateway  
  66  5:27  Probe  
  65  5:29  Gateway  
  65  5:30  Probe  
  65  5:34  Gateway  
  66  5:39  Gateway  
  66  5:42  Gateway, Probe  
  67  5:44  Probe  
  67  5:48  Sentry x2  
  72  5:51  Stalker  
  72  5:55  Probe x2  
  72  5:56  Probe  
  75  6:09  Gateway  
  75  6:12  Pylon  
  73  6:22  Stalker x5  
  73  6:23  Probe  
  73  6:24  Probe  
  85  6:26  Pylon  
  85  6:27  Pylon  
  85  6:30  Probe  
  85  6:32  Protoss Ground Weapons Level 1  
  84  6:35  Zealot  
  82  6:46  Probe x2  
  76  6:50  Stalker x6  
  76  6:51  Zealot  
  88  6:54  Warp Prism  
  88  6:57  Pylon  
  88  7:01  Zealot x2  
  94  7:09  Zealot  
  96  7:18  Zealot x5  
  96  7:22  Probe x3  
  98  7:34  Zealot  
  98  7:35  Zealot x3  
  106  7:41  Stalker x3  
  112  7:48  Stalker x2  
  116  7:51  Pylon  
  116  7:52  Pylon  
  116  7:53  Pylon  
  116  8:14  Zealot  
  116  8:15  Zealot x8  
  122  8:29  Zealot  
  116  8:37  Zealot x9  
  108  8:52  Stalker  
  100  8:55  Robotics Bay  
  100  9:03  Stalker x7  
  112  9:16  Stalker x3  
  118  9:18  Assimilator  
  118  9:19  Assimilator  
  116  9:40  Observer  
  116  9:44  Disruptor  
  112  9:48  Probe  
  112  9:52  Probe x2  
  112  9:54  Assimilator  
  112  9:58  Zealot  
  112  9:59  Zealot x7  
  128  10:00  Probe  
  128  10:04  Probe x2  
  128  10:05  Nexus  
  131  10:12  Probe  
  132  10:14  Robotics Facility  
  132  10:16  Probe x2  
  134  10:30  Zealot x5  
  134  10:31  Observer, Zealot x2  
  134  10:35  Disruptor  
  114  10:46  Probe x2  
  113  11:02  Disruptor  
  111  11:11  Zealot x10  
  132  11:34  Zealot x9  
  132  11:36  Disruptor  
  130  11:52  Zealot  
  120  11:58  Zealot x6  
  120  12:00  Disruptor  
  123  12:03  Disruptor  
  118  12:10  Observer  
  115  12:24  Stalker x3  
  115  12:25  Stalker x2  
  115  12:26  Disruptor  
  115  12:29  Observer  
  125  12:30  Disruptor  
  128  12:41  Dark Shrine  
  130  13:01  Templar Archives  
  130  13:03  Observer  
  116  13:10  Probe  
  116  13:11  Probe x2  
  116  13:16  Stalker x4  
  120  13:23  Probe  
  119  13:30  Stalker x2  
  123  13:35  Probe x3  
  120  13:48  Stalker x4  
  96  14:02  Zealot x3  
Show
View Real Time Build Order
Export as new Build Order

Clem Terran - Winner!

Build Orders: Reaper Expand 

Get SALT Encoding   

  12  0:00  SCV  
  13  0:12  SCV  
  14  0:17  Supply Depot  
  14  0:24  SCV  
  15  0:38  SCV  
  15  0:40  Barracks  
  16  0:44  Refinery  
  16  0:50  SCV  
  17  1:03  SCV  
  18  1:15  SCV  
  19  1:27  Reaper  
  19  1:28  Orbital Command  
  20  1:39  Command Center  
  20  1:47  Supply Depot  
  20  1:53  SCV  
  21  1:59  Marine  
  22  2:05  SCV  
  22  2:07  Factory  
  23  2:11  Refinery  
  23  2:21  Barracks Reactor, SCV  
  24  2:33  SCV  
  25  2:48  SCV  
  25  2:51  Starport  
  26  2:53  Widow Mine, Orbital Command  
  26  2:57  Marine x2  
  30  3:00  SCV  
  31  3:12  SCV  
  31  3:14  Widow Mine, Barracks  
  31  3:15  Marine x2  
  37  3:20  SCV  
  37  3:27  Supply Depot, Medivac  
  37  3:29  SCV  
  37  3:32  SCV  
  41  3:36  Engineering Bay  
  41  3:38  Marine  
  41  3:39  Marine  
  43  3:43  Factory Tech Lab  
  43  3:44  SCV  
  43  3:45  SCV  
  45  3:56  Supply Depot, SCV  
  45  3:57  SCV  
  47  4:05  Marine  
  47  4:06  Marine  
  47  4:08  SCV  
  47  4:09  Terran Infantry Weapons Level 1  
  49  4:11  Stimpack  
  49  4:12  Marauder  
  49  4:15  Bunker  
  49  4:16  SCV  
  52  4:19  Refinery, Factory Reactor  
  52  4:21  Starport Reactor  
  52  4:24  Marine  
  52  4:25  Marine  
  52  4:30  Supply Depot  
  52  4:31  SCV  
  55  4:32  SCV  
  55  4:38  Marauder  
  58  4:42  Marine  
  58  4:43  SCV, Marine  
  61  4:46  SCV  
  62  4:59  Marauder, Marine, SCV  
  65  5:00  Medivac, Barracks  
  65  5:01  Medivac  
  65  5:06  Supply Depot  
  66  5:08  SCV  
  66  5:11  Widow Mine, SCV  
  70  5:18  Supply Depot, Refinery  
  70  5:25  Supply Depot  
  70  5:27  SCV x2, Marine x2  
  70  5:28  Widow Mine, Marauder  
  78  5:31  Supply Depot  
  78  5:39  Medivac x2  
  78  5:40  SCV  
  78  5:41  Widow Mine  
  85  5:43  SCV  
  85  5:49  Barracks Tech Lab  
  86  5:50  Supply Depot  
  86  5:51  Combat Shield, Marine x2  
  86  5:52  SCV  
  86  5:55  SCV  
  89  6:00  Marine  
  87  6:05  Command Center  
  87  6:07  Liberator  
  87  6:08  Widow Mine x2  
  87  6:10  Marine  
  91  6:17  Marine  
  90  6:18  Marauder  
  90  6:19  Marauder, SCV x2  
  90  6:21  Liberator  
  97  6:31  Marine  
  97  6:32  SCV  
  97  6:34  Widow Mine  
  97  6:39  Marine  
  100  6:40  Marauder x2  
  95  6:47  SCV  
  95  6:50  Marine  
  95  6:53  Terran Infantry Armor Level 1  
  91  6:57  Marine  
  91  7:00  Barracks  
  96  7:01  Widow Mine, Marauder x2, Barracks  
  96  7:03  Widow Mine  
  100  7:10  Supply Depot  
  100  7:11  Marine  
  100  7:15  SCV x2  
  103  7:22  Marauder, Medivac, Marine  
  100  7:23  Marauder, Medivac  
  100  7:27  Supply Depot  
  100  7:28  Widow Mine  
  108  7:30  Marine  
  108  7:33  Concussive Shells  
  108  7:35  SCV  
  110  7:39  Orbital Command  
  110  7:40  SCV, Marine  
  114  7:44  Marauder  
  114  7:47  SCV  
  114  7:48  Marine  
  114  7:50  Barracks Tech Lab, Barracks Reactor  
  114  7:51  Missile Turret  
  110  7:52  SCV  
  110  7:55  Ghost Academy  
  110  7:57  Marine  
  114  7:58  Widow Mine  
  114  7:59  Widow Mine, SCV  
  114  8:03  Medivac x2  
  114  8:04  SCV  
  114  8:05  SCV  
  123  8:08  Supply Depot  
  123  8:11  SCV  
  123  8:17  Marauder, Refinery, Marine  
  123  8:18  Refinery  
  128  8:20  Widow Mine, Marauder, Marine  
  118  8:27  Marine  
  118  8:28  Marine  
  118  8:30  Widow Mine  
  118  8:33  Marauder  
  122  8:39  Marine x2  
  122  8:40  Marauder  
  117  8:41  Marauder  
  117  8:44  Medivac  
  117  8:45  Marine  
  117  8:48  Widow Mine  
  117  8:56  Medivac  
  117  9:02  Command Center  
  117  9:14  Ghost  
  115  9:21  Marine x4  
  115  9:23  Marauder  
  115  9:24  Marauder  
  123  9:28  Supply Depot  
  121  9:33  Missile Turret  
  121  9:35  Medivac  
  121  9:36  Widow Mine  
  121  9:37  Missile Turret  
  123  9:38  Marine  
  123  9:40  Marine x2  
  123  9:43  Widow Mine  
  123  9:44  Marine  
  125  9:47  Marauder  
  124  10:01  Widow Mine  
  124  10:04  Marine x5  
  124  10:05  Widow Mine  
  133  10:08  Armory  
  133  10:11  Engineering Bay  
  133  10:19  Marauder, SCV  
  135  10:25  Marauder  
  136  10:29  Widow Mine  
  136  10:33  Marauder  
  136  10:34  Widow Mine  
  133  10:41  Medivac  
  133  10:42  Marine  
  131  10:43  Marauder  
  131  10:45  SCV  
  131  10:47  Marine  
  131  10:48  Marine  
  131  10:49  Marauder  
  130  10:54  Marauder  
  128  11:00  Marine  
  128  11:01  Marine  
  131  11:04  Marauder  
  131  11:10  Marauder  
  130  11:11  SCV x2  
  130  11:15  Terran Infantry Weapons Level 2  
  132  11:19  Ghost  
  132  11:21  Marine  
  132  11:24  Marine  
  132  11:25  Marine  
  136  11:29  Widow Mine  
  136  11:31  Liberator  
  130  11:34  Marine x2  
  130  11:38  Widow Mine, SCV  
  135  11:44  Marine x2  
  128  11:49  Marine  
  128  11:51  Widow Mine  
  128  11:52  Marauder, SCV  
  128  11:55  Marine  
  128  11:59  Widow Mine  
  128  12:00  Marauder  
  126  12:05  Orbital Command  
  119  12:09  Marine x2  
  119  12:11  Marauder  
  119  12:12  Marine  
  119  12:14  Marauder  
  119  12:20  Marine x2  
  121  12:29  Widow Mine x2  
  125  12:30  Marine x2  
  125  12:32  Ghost  
  129  12:37  Refinery  
  129  12:38  Refinery  
  129  12:43  Marine x2  
  131  12:44  Ghost  
  131  12:50  Widow Mine  
  131  12:51  Marine  
  131  12:54  Widow Mine  
  134  13:01  Marine x2  
  134  13:04  Command Center  
  136  13:12  Marine x2  
  137  13:16  Widow Mine  
  137  13:17  Marauder  
  142  13:22  Ghost  
  142  13:25  Missile Turret  
  140  13:29  Missile Turret  
  140  13:31  Missile Turret  
  140  13:37  Widow Mine  
  133  13:44  Widow Mine  
  133  13:45  Marine x2  
  133  13:46  Marauder  
Tags
 
Add a new tag
Caveats
  • Supply blocks, unpowered buildings, or Contaminate may cause inaccurate times.
  • Supply counts are checked every 10 seconds.